| TOP OF THE 1ST |
|
Greenville Spinners batting - Pitching for Anderson Rebels : LHP Kevin Houston
|
|
Pitching: LHP Kevin Houston
|
|
|
Batting: RHB Tony Russell
|
0-0: Called Strike 0-1: Called Strike 0-2: Strikes out swinging
|
|
Batting: RHB Darrell Woodard
|
0-0: Ball 1-0: Called Strike 1-1: Foul Ball, location: 2F 1-2: Strikes out swinging
|
|
Batting: RHB Byron Peyton
|
0-0: Swinging Strike 0-1: Ball 1-1: Ball 2-1: Ball 3-1: Base on Balls
|
|
Batting: RHB Ronald Carapezzi
|
0-0: Ball 1-0: Ball 2-0: Ball 3-0: Base on Balls Byron Peyton to second
|
|
Batting: RHB Michael McEvilly
|
0-0: Foul Ball, location: 2F 0-1: Called Strike 0-2: Foul Ball, location: 2F 0-2: Ground out 2-3 (Groundball, 13S, EV 71.9 MPH)
|
| Top of the 1st over - 0 runs, 0 hits, 0 errors, 2 left on base; Greenville 0 - Anderson 0 |
| BOTTOM OF THE 1ST |
|
Anderson Rebels batting - Pitching for Greenville Spinners : RHP Tony Pedroza
|
|
Pitching: RHP Tony Pedroza
|
|
|
Batting: RHB Mike Gallego
|
0-0: Foul Ball, location: 2F 0-1: Ball 1-1: Ball 2-1: Foul Ball, location: 2F 2-2: Ball 3-2: Ground out 4-3 (Groundball, 4, EV 86.9 MPH)
|
|
Batting: RHB Juan Blanco
|
0-0: Called Strike 0-1: Hit by Pitch
|
|
Batting: RHB Henry Cotto
|
0-0: Ball 1-0: Called Strike 1-1: Ball 2-1: Grounds into double play, 3-6-3 (Groundball, 3, EV 108.8 MPH)
|
| Bottom of the 1st over - 0 runs, 0 hits, 0 errors, 0 left on base; Greenville 0 - Anderson 0 |
| TOP OF THE 2ND |
|
Greenville Spinners batting - Pitching for Anderson Rebels : LHP Kevin Houston
|
|
Batting: SHB Thomas Colburn
|
0-0: Called Strike 0-1: Ball 1-1: Foul Ball, location: 2F 1-2: Foul Ball, location: 2F 1-2: Strikes out swinging
|
|
Batting: RHB Richard Duran
|
0-0: Called Strike 0-1: Ground out 6-3 (Groundball, 6, EV 110.0 MPH)
|
|
Batting: RHB Luis Salazar
|
0-0: Ground out 5-3 (Groundball, 56S, EV 72.5 MPH)
|
| Top of the 2nd over - 0 runs, 0 hits, 0 errors, 0 left on base; Greenville 0 - Anderson 0 |
| BOTTOM OF THE 2ND |
|
Anderson Rebels batting - Pitching for Greenville Spinners : RHP Tony Pedroza
|
|
Batting: RHB Steve Lombardozzi
|
0-0: Ball 1-0: Foul Ball, location: 2F 1-1: Swinging Strike 1-2: Foul Ball, location: 2F 1-2: Ball 2-2: Foul Ball, location: 2F 2-2: Fly out, F3 (Flyball, 3D, EV 86.3 MPH)
|
|
Batting: RHB Todd Demeter
|
0-0: Called Strike 0-1: Called Strike 0-2: Ball 1-2: Ball 2-2: Foul Ball, location: 2F 2-2: Ball 3-2: Ground out 6-3 (Groundball, 6D, EV 81.9 MPH)
|
|
Batting: LHB James Beck
|
0-0: SINGLE (Groundball, 25, EV 67.5 MPH) (infield hit)
|
|
Batting: RHB Guillermo Montiel
|
0-0: Called Strike 0-1: Ball 1-1: Swinging Strike 1-2: Ball 2-2: Ball 3-2: Fly out, F9 (Flyball, 9S, EV 86.3 MPH)
|
| Bottom of the 2nd over - 0 runs, 1 hit, 0 errors, 1 left on base; Greenville 0 - Anderson 0 |
| TOP OF THE 3RD |
|
Greenville Spinners batting - Pitching for Anderson Rebels : LHP Kevin Houston
|
|
Batting: SHB David Miller
|
0-0: Called Strike 0-1: Foul Ball, location: 2F 0-2: Strikes out swinging, 2-3 out at first.
|
|
Batting: RHB Tony Russell
|
0-0: Ball 1-0: Called Strike 1-1: Fly out, F8 (Flyball, 89M, EV 88.1 MPH)
|
|
Batting: RHB Darrell Woodard
|
0-0: Foul Ball, location: 2F 0-1: Ball 1-1: Ball 2-1: Bunt for hit to P - play at first, batter OUT! 1-3
|
| Top of the 3rd over - 0 runs, 0 hits, 0 errors, 0 left on base; Greenville 0 - Anderson 0 |
| BOTTOM OF THE 3RD |
|
Anderson Rebels batting - Pitching for Greenville Spinners : RHP Tony Pedroza
|
|
Batting: RHB Pat Dempsey
|
0-0: Foul Ball, location: 2F 0-1: Ball 1-1: Ball 2-1: Foul Ball, location: 2F 2-2: Strikes out swinging
|
|
Batting: RHB Jose Bernhardt
|
0-0: Swinging Strike 0-1: Ground out 3-1 (Groundball, 13, EV 85.0 MPH)
|
|
Batting: RHB Mike Gallego
|
0-0: Ball 1-0: Called Strike 1-1: Ball 2-1: Foul Ball, location: 2F 2-2: Ground out 2-3 (Groundball, 15S, EV 63.1 MPH)
|
| Bottom of the 3rd over - 0 runs, 0 hits, 0 errors, 0 left on base; Greenville 0 - Anderson 0 |
| TOP OF THE 4TH |
|
Greenville Spinners batting - Pitching for Anderson Rebels : LHP Kevin Houston
|
|
Batting: RHB Byron Peyton
|
0-0: Fly out, F9 (Flyball, 9, EV 89.4 MPH)
|
|
Batting: RHB Ronald Carapezzi
|
0-0: Called Strike 0-1: Ball 1-1: Foul Ball, location: 2F 1-2: Ball 2-2: SINGLE (Line Drive, 9S, EV 101.9 MPH)
|
|
Batting: RHB Michael McEvilly
|
0-0: Called Strike 0-1: Swinging Strike 0-2: Ball 1-2: Ball 2-2: SINGLE (Groundball, 56D, EV 108.8 MPH) Ronald Carapezzi to second
|
|
Batting: SHB Thomas Colburn
|
0-0: Called Strike 0-1: Ball 1-1: Foul Ball, location: 2F 1-2: Strikes out swinging
|
|
Batting: RHB Richard Duran
|
0-0: Ball Wild Pitch! Ronald Carapezzi to third Michael McEvilly to second 1-0: Ball 2-0: Ground out 5-3 (Groundball, 5, EV 88.1 MPH)
|
| Top of the 4th over - 0 runs, 2 hits, 0 errors, 2 left on base; Greenville 0 - Anderson 0 |
| BOTTOM OF THE 4TH |
|
Anderson Rebels batting - Pitching for Greenville Spinners : RHP Tony Pedroza
|
|
Batting: RHB Juan Blanco
|
0-0: DOUBLE (Line Drive, 7LM, EV 106.9 MPH)
|
|
Batting: RHB Henry Cotto
|
0-0: Ball 1-0: Ball 2-0: Foul Ball, location: 2F 2-1: Ball 3-1: Fly out, F7 (Flyball, 7LM, EV 85.0 MPH)
|
|
Batting: RHB Steve Lombardozzi
|
0-0: Ball 1-0: Foul Ball, location: 2F 1-1: Fly out, F7 (Flyball, 7D, EV 106.9 MPH) Runner from 2nd tags up, SAFE at 3rd, no throw by LF
|
|
Batting: RHB Todd Demeter
|
0-0: Ball 1-0: Swinging Strike 1-1: Foul Ball, location: 2F 1-2: Strikes out swinging, 2-3 out at first.
|
| Bottom of the 4th over - 0 runs, 1 hit, 0 errors, 1 left on base; Greenville 0 - Anderson 0 |
| TOP OF THE 5TH |
|
Greenville Spinners batting - Pitching for Anderson Rebels : LHP Kevin Houston
|
|
Batting: RHB Luis Salazar
|
0-0: Swinging Strike 0-1: Swinging Strike 0-2: Ground out 6-3 (Groundball, 4M, EV 88.8 MPH)
|
|
Batting: SHB David Miller
|
0-0: Called Strike 0-1: Ball 1-1: Ball 2-1: Swinging Strike 2-2: Ground out 6-3 (Groundball, 6, EV 90.6 MPH)
|
|
Batting: RHB Tony Russell
|
0-0: Called Strike 0-1: Called Strike 0-2: Foul Ball, location: 2F 0-2: Ball 1-2: Foul Ball, location: 2F 1-2: Ground out 6-3 (Groundball, 6, EV 93.8 MPH)
|
| Top of the 5th over - 0 runs, 0 hits, 0 errors, 0 left on base; Greenville 0 - Anderson 0 |
| BOTTOM OF THE 5TH |
|
Anderson Rebels batting - Pitching for Greenville Spinners : RHP Tony Pedroza
|
|
Batting: LHB James Beck
|
0-0: Called Strike 0-1: Foul Ball, location: 2F 0-2: Ball 1-2: Ground out U3 (Groundball, 3, EV 100.6 MPH)
|
|
Batting: RHB Guillermo Montiel
|
0-0: Called Strike 0-1: Foul Ball, location: 2F 0-2: Ground out 5-3 (Groundball, 56, EV 106.9 MPH)
|
|
Batting: RHB Pat Dempsey
|
0-0: Ball 1-0: Called Strike 1-1: Ball 2-1: Swinging Strike 2-2: Fly out, F6 (Flyball, 6MD, EV 95.0 MPH)
|
| Bottom of the 5th over - 0 runs, 0 hits, 0 errors, 0 left on base; Greenville 0 - Anderson 0 |
| TOP OF THE 6TH |
|
Greenville Spinners batting - Pitching for Anderson Rebels : LHP Kevin Houston
|
|
Batting: RHB Darrell Woodard
|
0-0: DOUBLE (Line Drive, 89D, EV 107.5 MPH)
|
|
Batting: RHB Byron Peyton
|
0-0: Ball 1-0: Swinging Strike 1-1: Called Strike Darrell Woodard is caught stealing 3rd base 2-5 1-2: SINGLE (Line Drive, 56, EV 105.6 MPH)
|
|
Batting: RHB Ronald Carapezzi
|
0-0: Ball 1-0: Ball 2-0: Ball 3-0: Called Strike 3-1: Called Strike 3-2: Fly out, F4 (Line Drive, 4, EV 61.3 MPH)
|
|
Batting: RHB Michael McEvilly
|
0-0: Called Strike 0-1: Ball 1-1: Ground out 4-3 (Groundball, 4, EV 89.4 MPH)
|
| Top of the 6th over - 0 runs, 2 hits, 0 errors, 1 left on base; Greenville 0 - Anderson 0 |
| BOTTOM OF THE 6TH |
|
Anderson Rebels batting - Pitching for Greenville Spinners : RHP Tony Pedroza
|
|
Batting: RHB Jose Bernhardt
|
0-0: Fly out, F9 (Line Drive, 9D, EV 93.8 MPH)
|
|
Batting: RHB Mike Gallego
|
0-0: Called Strike 0-1: Swinging Strike 0-2: Strikes out swinging
|
|
Batting: RHB Juan Blanco
|
0-0: SINGLE (Line Drive, 7S, EV 101.9 MPH)
|
|
Batting: RHB Henry Cotto
|
0-0: Ball 1-0: Swinging Strike 1-1: SINGLE (Flyball, 7LS, EV 95.6 MPH) Juan Blanco to second
|
|
Batting: RHB Steve Lombardozzi
|
0-0: Ball 1-0: Ball 2-0: Ball 3-0: Base on Balls Juan Blanco to third Henry Cotto to second
|
|
Batting: RHB Todd Demeter
|
0-0: Hit by Pitch Juan Blanco scores Henry Cotto to third Steve Lombardozzi to second
|
|
Batting: LHB James Beck
|
0-0: Ball 1-0: Foul Ball, location: 2F 1-1: Ball 2-1: Ball 3-1: Base on Balls Henry Cotto scores Steve Lombardozzi to third Todd Demeter to second
|
|
Batting: RHB Guillermo Montiel
|
0-0: Ball 1-0: Ball 2-0: Foul Ball, location: 2F 2-1: Foul Ball, location: 2F 2-2: Ball 3-2: Ground out 6-3 (Groundball, 6S, EV 86.3 MPH)
|
| Bottom of the 6th over - 2 runs, 2 hits, 0 errors, 3 left on base; Greenville 0 - Anderson 2 |
| TOP OF THE 7TH |
|
Greenville Spinners batting - Pitching for Anderson Rebels : LHP Kevin Houston
|
|
Batting: SHB Thomas Colburn
|
0-0: Foul Ball, location: 2F 0-1: Ball 1-1: Fly out, F8 (Line Drive, 8RD, EV 91.3 MPH)
|
|
Batting: RHB Richard Duran
|
0-0: Called Strike 0-1: Ball 1-1: Swinging Strike 1-2: Fly out, F8 (Flyball, 8RS, EV 87.5 MPH)
|
|
Batting: RHB Luis Salazar
|
0-0: Fly out, F3 (Popup, 3SF, EV 81.3 MPH)
|
| Top of the 7th over - 0 runs, 0 hits, 0 errors, 0 left on base; Greenville 0 - Anderson 2 |
| BOTTOM OF THE 7TH |
|
Anderson Rebels batting - Pitching for Greenville Spinners : RHP Tony Pedroza
|
|
Batting: RHB Pat Dempsey
|
0-0: Called Strike 0-1: Swinging Strike 0-2: Ball 1-2: Ball 2-2: Fly out, F9 (Flyball, 9, EV 75.6 MPH)
|
|
Batting: RHB Jose Bernhardt
|
0-0: Fly out, F3 (Popup, 3SF, EV 79.4 MPH)
|
|
Batting: RHB Mike Gallego
|
0-0: Swinging Strike 0-1: Ball 1-1: Foul Ball, location: 2F 1-2: Ball 2-2: Strikes out swinging
|
| Bottom of the 7th over - 0 runs, 0 hits, 0 errors, 0 left on base; Greenville 0 - Anderson 2 |
| TOP OF THE 8TH |
|
Greenville Spinners batting - Pitching for Anderson Rebels : LHP Kevin Houston
|
|
Batting: SHB David Miller
|
0-0: Ball 1-0: Ball 2-0: Ground out 5-3 (Groundball, 5S, EV 84.4 MPH)
|
|
Batting: RHB Tony Russell
|
0-0: Ball 1-0: Ball 2-0: Foul Ball, location: 2F 2-1: Ground out 6-3 (Groundball, 6, EV 75.6 MPH)
|
|
Batting: RHB Darrell Woodard
|
0-0: Swinging Strike 0-1: Ball 1-1: Foul Ball, location: 2F 1-2: Ball 2-2: Fly out, F9 (Flyball, 89M, EV 84.4 MPH)
|
| Top of the 8th over - 0 runs, 0 hits, 0 errors, 0 left on base; Greenville 0 - Anderson 2 |
| BOTTOM OF THE 8TH |
|
Anderson Rebels batting - Pitching for Greenville Spinners : RHP Tony Pedroza
|
|
Batting: RHB Juan Blanco
|
0-0: Ball 1-0: Ball 2-0: Called Strike 2-1: Swinging Strike 2-2: SINGLE (Groundball, 6D, EV 101.9 MPH)
|
|
Batting: RHB Henry Cotto
|
0-0: Called Strike 0-1: Fielders Choice at 2nd, 3-6 (Groundball, 34S, EV 81.3 MPH)
|
|
Batting: RHB Steve Lombardozzi
|
0-0: Called Strike 0-1: Called Strike 0-2: Ball 1-2: SINGLE (Line Drive, 78S, EV 88.1 MPH) Henry Cotto to second
|
|
Batting: RHB Todd Demeter
|
0-0: Ball 1-0: Ball Wild Pitch! Henry Cotto to third Steve Lombardozzi to second 2-0: Ball 3-0: Base on Balls
|
|
Batting: LHB James Beck
|
0-0: Called Strike 0-1: Foul Ball, location: 2F 0-2: Foul Ball, location: 2F 0-2: Ball 1-2: Strikes out swinging
|
|
Batting: RHB Guillermo Montiel
|
0-0: Ball 1-0: Ball 2-0: Called Strike 2-1: Foul Ball, location: 2F 2-2: Foul Ball, location: 2F 2-2: Ball 3-2: SINGLE (Line Drive, 78M, EV 83.8 MPH) Henry Cotto scores Steve Lombardozzi to third Todd Demeter to second Steve Lombardozzi scores Todd Demeter to third
|
|
Batting: RHB Pat Dempsey
|
0-0: Foul Ball, location: 2F 0-1: Fly out, F7 (Flyball, 7LS, EV 82.5 MPH)
|
| Bottom of the 8th over - 2 runs, 3 hits, 0 errors, 2 left on base; Greenville 0 - Anderson 4 |
| TOP OF THE 9TH |
|
Greenville Spinners batting - Pitching for Anderson Rebels : LHP Kevin Houston
|
|
Batting: RHB Byron Peyton
|
0-0: Ball 1-0: Ball 2-0: Ball 3-0: Called Strike 3-1: Base on Balls
|
|
Batting: RHB Ronald Carapezzi
|
0-0: Ball 1-0: Foul Ball, location: 2F 1-1: Ball 2-1: Ball 3-1: Called Strike 3-2: Base on Balls Byron Peyton to second
|
|
Batting: RHB Michael McEvilly
|
0-0: Ball 1-0: Foul Ball, location: 2F 1-1: Foul Ball, location: 2F 1-2: Foul Ball, location: 2F 1-2: Fielders Choice at 2nd, 6-4 (Groundball, 56D, EV 90.0 MPH) Byron Peyton to third
|
|
Batting: SHB Thomas Colburn
|
0-0: Called Strike 0-1: Foul Ball, location: 2F 0-2: Strikes out looking
|
|
Batting: RHB Richard Duran
|
0-0: Ball 1-0: Ground out 5-3 (Groundball, 5S, EV 84.4 MPH)
|
| Top of the 9th over - 0 runs, 0 hits, 0 errors, 2 left on base; Greenville 0 - Anderson 4 |
|